 Dungeon Crawl Stone Soup version 0.29-a0-207-gf982a884d8 (webtiles) character file.

Game seed: 3294821013651793525

169 cyrus the Chopper (level 5, -1/47 HPs)
             Began as a Hill Orc Fighter on Feb 23, 2022.
             Was an Initiate of Yredelemnul.
             Hit by a goblin thrown by Robin (3 damage)
             ... on level 3 of the Dungeon.
             The game lasted 00:07:10 (3276 turns).

cyrus the Chopper (Hill Orc Fighter)                Turns: 3276, Time: 00:07:11

Health: -1/47      AC:  8    Str: 19    XL:     5   Next: 50%
Magic:  5/5        EV:  9    Int: 10    God:    Yredelemnul [......]
Gold:   110        SH:  4    Dex: 10    Spells: 4/4 levels left

rFire   . . .      SeeInvis .   a - +0 war axe
rCold   . . .      Faith    .   c - +0 buckler
rNeg    . . .      Spirit   .   b - +0 scale mail
rPois   .          Reflect  .   (no helmet)
rElec   .          Harm     .   q - +0 cloak
rCorr   .          Rampage  .   (no gloves)
Will    .....                   (no boots)
Stlth   ..........              (no amulet)
HPRegen 0.15/turn               (no ring)
MPRegen 0.09/turn               (no ring)

@: mighty
A: no striking features
a: Renounce Religion, Recall Undead Harvest


You were on level 3 of the Dungeon.
You worshipped Yredelemnul.
Yredelemnul was noncommittal.
You visited 1 branch of the dungeon, and saw 3 of its levels.

You collected 110 gold pieces.

Inventory:

Hand Weapons
 a - a +0 war axe (weapon)
 p - a +2 quarterstaff of chaos
Armour
 b - a +0 scale mail (worn)
 c - a +0 buckler (worn)
 q - a +0 cloak (worn)
Jewellery
 f - an amulet of regeneration
 j - a ring of wizardry
Scrolls
 g - 5 scrolls of vulnerability {unknown}
 l - 2 scrolls of identify {unknown}
 n - a scroll of enchant armour {unknown}
 o - a scroll of enchant weapon {unknown}
 s - a scroll of fog {unknown}
 t - a scroll of brand weapon {unknown}
Potions
 e - a potion of experience {unknown}
 h - a potion of berserk rage {unknown}
 i - a potion of lignification {unknown}
 k - 2 potions of heal wounds {unknown}
 m - a potion of ambrosia {unknown}
 r - a potion of haste {unknown}


   Skills:
 + Level 4.5 Fighting
 + Level 5.1 Axes
 + Level 4.1 Armour
 + Level 0.5 Dodging
 + Level 0.2 Stealth
 + Level 3.8 Shields


You had 4 spell levels left.
You didn't know any spells.
Your spell library contained the following spells:

 Spells                   Type           Power      Damage    Failure   Level
 Pain                     Necr           0%         1d4       82%         1
 Sting                    Tmut/Pois      0%         1d3       82%         1
 Poisonous Vapours        Pois/Air       0%         N/A       91%         2
 Olgreb's Toxic Radiance  Pois           0%         N/A       100%        4
 Agony                    Necr           0%         N/A       100%        5
 Excruciating Wounds      Necr           0%         N/A       100%        5


Dungeon Overview and Level Annotations

Branches:
Dungeon (3/15)

Altars:
Yredelemnul

Annotations:
D:3 Robin


Message History

There is an open door here.
You feel sick. The hobgoblin hits your rat zombie!
Your rat zombie is destroyed!
The goblin hits your hobgoblin zombie with a +0 dagger.
Your hobgoblin zombie is destroyed!
Your rat zombie bites the hobgoblin but does no damage.
You close the door.
You feel sick.
You feel sick.
You feel sick.
You are no longer poisoned.
You feel a bit more experienced.
There is an open door here.
You close the door.
You start resting.
You start resting.
There are monsters nearby!
There are monsters nearby!
You feel very mighty all of a sudden.
The goblin shouts!
Robin throws the goblin at you! The goblin barely misses you.
The goblin hits you with a +0 dagger.
* * * LOW HITPOINT WARNING * * *
Unknown command.
You barely miss the goblin. You closely miss the goblin.
Robin roars a battlecry!
The goblins go into a battle-frenzy!
The goblin hits you but does no damage. x2
You barely miss the goblin. You hit the goblin.
The goblin hits you with a +0 club.
* * * LOW HITPOINT WARNING * * *
Unknown command.
You closely miss the goblin. x2; You slash the goblin!
You kill the goblin!
The goblin completely misses you.
Robin roars a battlecry!
The goblin hits you with a +0 club.
* * * LOW HITPOINT WARNING * * *
You block the goblin's attack. Robin throws the goblin at you!
You die...
Your body rises from the dead as a mindless zombie.

#################
##≈≈..#...#......#
#≈≈≈g@gg..g......#
##≈≈≈g)#g..#...ZZ.#
#≈≈#########..##gg#
##≈≈#..........#.gg#
#...'........).#ggg#
#...'))........#...#
#..Z'..........#...#
#.≈≈#..........#...#
##########Z≈≈#########..#...#


You could see Robin and 5 goblins.

Vanquished Creatures
  3 adders
  A worm (D:3)
  3 dart slugs
  6 bats
  2 endoplasms
  4 giant cockroaches
  9 goblins
  6 hobgoblins
  7 jackals
  2 quokkas
  2 ball pythons
  A frilled lizard (D:1)
  7 kobolds
  2 rats
55 creatures vanquished.

Vanquished Creatures (collateral kills)
  Crazy Yiuf (D:2)
  3 adders
  A bat (D:2)
  An endoplasm (D:2)
  2 goblins
  A hobgoblin (D:3)
  A jackal (D:3)
  A quokka (D:2)
  3 ball pythons
  A frilled lizard (D:2)
  4 rats
19 creatures vanquished.

Vanquished Creatures (others)
  An adder zombie (D:2)
  3 bat zombies (D:2)
  3 ball python zombies
  A dart slug zombie (D:3)
  2 giant cockroach zombies (D:3)
  5 goblin zombies
  A hobgoblin zombie (D:3)
  3 jackal zombies
  3 kobold zombies
  A quokka zombie (D:2)
  4 rat zombies
  A spectral endoplasm (D:3)
  2 fungi (D:2)
30 creatures vanquished.

Grand Total: 104 creatures vanquished

Notes
Turn   | Place    | Note
-------+----------+-------------------------------------------
     0 | D:1      | cyrus the Hill Orc Fighter began the quest for the Orb.
     0 | D:1      | Reached XP level 1. HP: 19/19 MP: 1/1
    72 | D:1      | Found a faded altar of an unknown god.
   102 | D:1      | Prayed at the altar of an unknown god.
   102 | D:1      | Became a worshipper of Yredelemnul the Dark
   102 | D:1      | Reached * piety under Yredelemnul
   140 | D:1      | Reached XP level 2. HP: 27/27 MP: 2/2
   455 | D:1      | Reached skill level 3 in Axes
   625 | D:1      | Reached XP level 3. HP: 33/33 MP: 3/3
  1056 | D:2      | Reached XP level 4. HP: 41/41 MP: 4/4
  1058 | D:2      | Reached ** piety under Yredelemnul
  1067 | D:2      | Reached skill level 4 in Axes
  1571 | D:2      | Found a runed translucent door.
  1572 | D:2      | Noticed Crazy Yiuf
  1699 | D:2      | Killed Crazy Yiuf
  1700 | D:2      | Reached XP level 5. HP: 9/47 MP: 5/5
  2923 | D:3      | Reached skill level 5 in Axes
  3240 | D:3      | Noticed Robin
  3276 | D:3      | HP: 2/47 [goblin/+0 club[Robin] (3)]
  3276 | D:3      | Hit by a goblin thrown by Robin

Illustrated notes

Levels and vault maps discovered:
D:1:      ncdulo_watergridlock, layout_loops_ring, basic_ecumenical_altar
D:2:      layout_rooms, minmay_circle_x, uniq_crazy_yiuf_cottage
D:3:      kennysheep_goblin_castle, layout_rooms, moated_statue

Skill      XL: |  1  2  3  4  5 |
---------------+----------------+-----
Axes           | 3 4 5 |  5.1
Fighting       | 4 |  4.5
Armour         | 4 |  4.1
Dodging        | |  0.5
Stealth        | |  0.2
Shields        | |  3.8

Action                   |  1- 3 |  4- 6 || total
-------------------------+-------+-------++-------
Melee: War axe           |    54 |    81 ||   135
  Use: Potion            |       |     2 ||     2
Armor: Scale mail        |    33 |    45 ||    78
Dodge: Dodged            |    32 |    46 ||    78
Block: Buckler           |    13 |    25 ||    38

Table legend: (Time is in decaauts)
 A = Elapsed time spent in this place.
 B = Non-inter-level travel time spent in this place.
 C = Inter-level travel time spent in this place.
 D = Time resting spent in this place.
 E = Time spent auto-exploring this place.
 F = Levels seen in this place.
 G = Mean time per level.
                   A        B        C        D        E       F      G
               +--------+--------+--------+--------+--------+-----+--------+
         Total |   3309 |   3133 |    176 |   1178 |   1348 |   3 | 1103.0 |
       Dungeon |   3309 |   3133 |    176 |   1178 |   1348 |   3 | 1103.0 |
               +--------+--------+--------+--------+--------+-----+--------+

Top non-repeatable levels by time:
     D:2: 1373 daAuts
     D:3: 1047 daAuts
     D:1: 888 daAuts
